[Event "FIDE Zonal 4-2 Women 2023"]
[Site "Dimbroko"]
[Date "2023.03.27"]
[Round "5.4"]
[White "Rodriguez Guevara, Celia M."]
[Black "Ayemou Akissi Victoire Sinchie"]
[Result "1-0"]
[ECO "A48"]
[WhiteElo "1777"]
[BlackElo "1177"]
[Annotator "NA RC COMBH"]
[PlyCount "115"]
[EventDate "2023.03.25"]
[EventType "swiss"]
[EventCountry "IVO"]
[SourceTitle "playchess.com"]
[Source "ChessBase"]
[SourceQuality "1"]
[TimeControl "40/5400+30:1800+30"]

1. d4 Nf6 2. Bf4 g6 3. Nf3 Bg7 4. e3 O-O 5. Nbd2 e6 6. c3 d6 7. Be2 Nc6 8. h3 Re8 9. O-O e5 10. Bg3 e4 11. Ne1 a6 12. a4 Bf5 13. Nc2 d5 14. c4 Qe7 15. c5 b6 16. b4 Rec8 17. Rb1 Nd8 18. cxb6 cxb6 19. b5 a5 20. Rc1 Ne6 21. Na1 Qb4 22. Rb1 Qe7 23. Qb3 Qb7 24. Rfc1 Rxc1+ 25. Rxc1 Rc8 26. Rxc8+ Qxc8 27. Qc2 Qxc2 28. Nxc2 Kf8 29. Bb8 Ke8 30. g4 Bxg4 31. hxg4 h6 32. Ne1 Bf8 33. Ng2 g5 34. f3 Kd7 35. Be5 Bb4 36. Nf1 Ne8 37. fxe4 dxe4 38. Bc4 f6 39. Bh2 Nd6 40. Bd5 Nc7 41. Bb3 Nce8 42. Ng3 Ba3 43. Bd5 Bc1 44. Nxe4 Nxe4 45. Bxe4 Nd6 46. Bd3 Ke6 47. e4 Ke7 48. Kf1 Bb2 49. Bg1 Ke6 50. d5+ Ke5 51. Bxb6 Bc3 52. Bc7 Kd4 53. Bxd6 Kxd3 54. b6 Bd4 55. b7 Ba7 56. Bc7 Kxe4 57. d6 Kd5 58. d7 1-0

[Event "FIDE Zonal 4-2 Women 2023"]
[Site "Dimbroko"]
[Date "2023.03.30"]
[Round "7.1"]
[White "Rodriguez Guevara, Celia M."]
[Black "Benson, Maud"]
[Result "1/2-1/2"]
[ECO "D02"]
[WhiteElo "1777"]
[BlackElo "1381"]
[Annotator "NA RC COMBH"]
[PlyCount "116"]
[EventDate "2023.03.25"]
[EventType "swiss"]
[EventCountry "IVO"]
[SourceTitle "playchess.com"]
[Source "ChessBase"]
[SourceQuality "1"]
[TimeControl "40/5400+30:1800+30"]

1. d4 d5 2. Bf4 Nf6 3. e3 e6 4. Nf3 Be7 5. Bd3 O-O 6. Nbd2 Nbd7 7. h3 b6 8. O-O Bb7 9. Ne5 c5 10. c3 c4 11. Bc2 Nxe5 12. dxe5 Nd7 13. Qh5 g6 14. Qe2 Rc8 15. Bh6 Re8 16. f4 f5 17. Nf3 Nc5 18. Ng5 Qd7 19. Rad1 a5 20. h4 Bf8 21. Bxf8 Rxf8 22. Kf2 Bc6 23. Rd2 h6 24. Nf3 Qe7 25. Rh1 h5 26. Nd4 Be8 27. Nf3 b5 28. Rdd1 b4 29. Ra1 bxc3 30. bxc3 Rb8 31. Rab1 Ba4 32. Bxa4 Nxa4 33. Qc2 Qa3 34. Ng5 Nc5 35. Rxb8 Rxb8 36. Rb1 Rxb1 37. Qxb1 Ne4+ 38. Nxe4 fxe4 39. Qc2 Qe7 40. g3 Qd7 41. Qb2 Kf7 42. Qb8 Qa4 43. Qc7+ Ke8 44. Qb8+ Kf7 45. Qb2 Qc6 46. Ke2 Ke7 47. Qa3+ Kf7 48. Qxa5 Qb7 49. Qb4 Qxb4 50. cxb4 Ke7 51. Kd2 Kd7 52. Kc3 Kc6 53. a4 Kb6 54. Kd4 Kb7 55. Kc3 Kb6 56. Kd4 Kb7 57. Kc3 Kc6 58. Kd4 Kb7 1/2-1/2

[Event "FIDE Zonal 4-2 Women 2023"]
[Site "Dimbroko"]
[Date "2023.03.30"]
[Round "7.2"]
[White "Yavo Tchetche, Marie"]
[Black "Marochkina, Nadezhda Valerevna"]
[Result "1/2-1/2"]
[ECO "E14"]
[WhiteElo "1413"]
[BlackElo "1689"]
[Annotator "NA RC COMBH"]
[PlyCount "73"]
[EventDate "2023.03.25"]
[EventType "swiss"]
[EventCountry "IVO"]
[SourceTitle "playchess.com"]
[Source "ChessBase"]
[SourceQuality "1"]
[TimeControl "40/5400+30:1800+30"]

1. c4 b6 2. Nf3 Bb7 3. Nc3 Nf6 4. d4 d5 5. e3 e6 6. Be2 c5 7. O-O Be7 8. cxd5 Nxd5 9. Bb5+ Bc6 10. Bxc6+ Nxc6 11. Qa4 Qd7 12. e4 Nxc3 13. bxc3 cxd4 14. cxd4 O-O 15. Rd1 Rfd8 16. Be3 Nb4 17. Qxd7 Rxd7 18. a4 Rc8 19. Rac1 Rdc7 20. Rxc7 Rxc7 21. Rc1 Rxc1+ 22. Bxc1 Nd3 23. Bd2 a5 24. Bc3 Bb4 25. Ba1 Ba3 26. Ne5 Nxe5 27. dxe5 Bc5 28. Kf1 Kf8 29. f3 Ke7 30. Ke2 Kd7 31. Kd3 Kc6 32. Kc4 g5 33. g4 Bg1 34. h3 Bc5 35. Bc3 Be3 36. Ba1 Bc5 37. Bc3 1/2-1/2

[Event "FIDE Zonal 4-2 Women 2023"]
[Site "Dimbroko"]
[Date "2023.03.30"]
[Round "7.4"]
[White "Princess K. Banney"]
[Black "Kouassi Edichy Berenice"]
[Result "1/2-1/2"]
[ECO "B23"]
[WhiteElo "1061"]
[BlackElo "1128"]
[Annotator "NA RC COMBH"]
[PlyCount "86"]
[EventDate "2023.03.25"]
[EventType "swiss"]
[EventCountry "IVO"]
[SourceTitle "playchess.com"]
[Source "ChessBase"]
[SourceQuality "1"]
[TimeControl "40/5400+30:1800+30"]

1. e4 c5 2. Nc3 Nc6 3. Bb5 d6 4. Bxc6+ bxc6 5. d4 cxd4 6. Qxd4 Nf6 7. Bg5 e5 8. Qc4 Bb7 9. Nf3 Be7 10. Rd1 Qc7 11. Bxf6 gxf6 12. Nd5 Qa5+ 13. Nc3 d5 14. Qb3 Ba6 15. exd5 O-O 16. Qa4 Qxa4 17. Nxa4 cxd5 18. Rxd5 Bc4 19. Rd7 Bb4+ 20. Nc3 Rfd8 21. Rxd8+ Rxd8 22. Nd2 Bxa2 23. Kd1 Be6 24. Kc1 a5 25. Nde4 Kg7 26. Rg1 Kg6 27. g3 f5 28. Nd2 h5 29. Nf3 f6 30. h3 e4 31. Nh4+ Kg5 32. Rd1 Rxd1+ 33. Kxd1 f4 34. Nxe4+ Kh6 35. gxf4 Bxh3 36. Nf3 Bg2 37. Ke2 f5 38. Ng3 Bh3 39. c3 Bd6 40. Nh4 Bg4+ 41. f3 Bxf4 42. Nhxf5+ Bxf5 43. Nxf5+ Kg5 1/2-1/2

[Event "FIDE Zonal 4-2 Women 2023"]
[Site "Dimbroko"]
[Date "2023.03.30"]
[Round "7.5"]
[White "Ayemou Akissi Victoire Sinchie"]
[Black "Oyenga, Justine Anassika"]
[Result "1-0"]
[ECO "C50"]
[WhiteElo "1177"]
[BlackElo "1187"]
[Annotator "NA RC COMBH"]
[PlyCount "83"]
[EventDate "2023.03.25"]
[EventType "swiss"]
[EventCountry "IVO"]
[SourceTitle "playchess.com"]
[Source "ChessBase"]
[SourceQuality "1"]
[TimeControl "40/5400+30:1800+30"]

1. e4 e5 2. Nf3 Nc6 3. Bc4 Nd4 4. c3 Nxf3+ 5. Qxf3 f6 6. O-O Ne7 7. d4 d6 8. dxe5 Nc6 9. exf6 Qxf6 10. Qxf6 gxf6 11. b4 Bd7 12. a4 Ne5 13. Bb3 Nd3 14. Be3 O-O-O 15. f4 Bh6 16. g3 Kb8 17. Rd1 Ne5 18. Bd4 Nf3+ 19. Kg2 Nxd4 20. cxd4 Rde8 21. Nc3 c6 22. e5 fxe5 23. dxe5 Bg7 24. Rxd6 Kc7 25. Rad1 Re7 26. Ne4 Bg4 27. R1d2 Bxe5 28. fxe5 Rxe5 29. Nf6 Bf5 30. R6d4 Rf8 31. Nd7 Bxd7 32. Rxd7+ Kb6 33. Rxh7 Re3 34. Bc4 a5 35. b5 Ra3 36. bxc6 bxc6 37. Ra2 Rc3 38. Rf7 Rd8 39. Rb2+ Kc5 40. Bb3 Rb8 41. Rf3 Kd4 42. Rd2+ 1-0

[Event "FIDE Zonal 4-2 Women 2023"]
[Site "Dimbroko"]
[Date "2023.03.30"]
[Round "8.1"]
[White "Benson, Maud"]
[Black "Kouassi Edichy Berenice"]
[Result "1-0"]
[ECO "D12"]
[WhiteElo "1381"]
[BlackElo "1128"]
[Annotator "NA RC COMBH"]
[PlyCount "65"]
[EventDate "2023.03.25"]
[EventType "swiss"]
[EventCountry "IVO"]
[SourceTitle "playchess.com"]
[Source "ChessBase"]
[SourceQuality "1"]
[TimeControl "40/5400+30:1800+30"]

1. d4 d5 2. c4 c6 3. Nc3 Nf6 4. e3 Bf5 5. Nf3 h6 6. cxd5 Nxd5 7. Qb3 Qb6 8. Nxd5 Qxb3 9. Nc7+ Kd8 10. axb3 Kxc7 11. Bc4 e6 12. Bd2 Nd7 13. O-O b5 14. Be2 Bd6 15. Rfc1 Kb7 16. b4 Nb8 17. Ne5 Bxe5 18. dxe5 g5 19. g4 Be4 20. f3 Bd5 21. e4 Bc4 22. Bxc4 bxc4 23. Rxc4 Rc8 24. Rac1 a6 25. Be3 Kc7 26. Kg2 Kd7 27. Kg3 Ke8 28. h4 gxh4+ 29. Kxh4 Kf8 30. Bxh6+ Kg8 31. f4 Nd7 32. Rxc6 Rxc6 33. Rxc6 1-0

[Event "FIDE Zonal 4-2 Women 2023"]
[Site "Dimbroko"]
[Date "2023.03.30"]
[Round "8.2"]
[White "Abigail Karyah"]
[Black "Ayemou Mazan Emmanuela Esther"]
[Result "1/2-1/2"]
[ECO "C68"]
[WhiteElo "1620"]
[BlackElo "1556"]
[Annotator "NA RC COMBH"]
[PlyCount "107"]
[EventDate "2023.03.25"]
[EventType "swiss"]
[EventCountry "IVO"]
[SourceTitle "playchess.com"]
[Source "ChessBase"]
[SourceQuality "1"]
[TimeControl "40/5400+30:1800+30"]

1. e4 e5 2. Nf3 Nc6 3. Bb5 a6 4. Bxc6 dxc6 5. h3 Bd6 6. d4 Qe7 7. dxe5 Bxe5 8. Nxe5 Qxe5 9. O-O Bd7 10. Qf3 Qf6 11. Qg3 Qg6 12. Qxg6 hxg6 13. Bf4 O-O-O 14. Nc3 Nf6 15. Rfe1 Nh5 16. Bh2 g5 17. Rad1 Nf4 18. Ne2 Nxe2+ 19. Rxe2 g4 20. hxg4 Bxg4 21. Rxd8+ Rxd8 22. f3 Be6 23. a3 Rd1+ 24. Kf2 Bc4 25. Re1 Rd2+ 26. Kg1 Rxc2 27. Be5 f6 28. Bc3 c5 29. e5 f5 30. e6 Re2 31. Rxe2 Bxe2 32. Bxg7 Bc4 33. e7 Kd7 34. Bf6 b5 35. g4 f4 36. g5 b4 37. axb4 cxb4 38. g6 c5 39. Kf2 a5 40. Bg5 a4 41. g7 a3 42. bxa3 bxa3 43. Bxf4 Kxe7 44. Be5 Bg8 45. f4 Ke6 46. Ke3 Bh7 47. Kd2 a2 48. Kc1 Bg8 49. Kd2 Kd5 50. Bc3 Ke4 51. Be5 Bc4 52. Kc2 Bg8 53. Kb2 Kd3 54. Bd6 1/2-1/2

[Event "FIDE Zonal 4-2 Women 2023"]
[Site "Dimbroko"]
[Date "2023.03.30"]
[Round "8.5"]
[White "Ayemou Akissi Victoire Sinchie"]
[Black "Princess K. Banney"]
[Result "1/2-1/2"]
[ECO "C55"]
[WhiteElo "1177"]
[BlackElo "1061"]
[Annotator "NA RC COMBH"]
[PlyCount "78"]
[EventDate "2023.03.25"]
[EventType "swiss"]
[EventCountry "IVO"]
[SourceTitle "playchess.com"]
[Source "ChessBase"]
[SourceQuality "1"]
[TimeControl "40/5400+30:1800+30"]

1. e4 e5 2. Nf3 Nc6 3. Bc4 Nf6 4. O-O Nxe4 5. Bd5 Nf6 6. Bxc6 bxc6 7. Nxe5 Bd6 8. Re1 O-O 9. Nc4 Ba6 10. Nxd6 cxd6 11. d3 Rb8 12. c4 Qb6 13. Nc3 Rfe8 14. b3 Rxe1+ 15. Qxe1 Re8 16. Qd1 c5 17. Bg5 Re6 18. h3 Qc6 19. Qd2 Bb7 20. f3 h6 21. Bxf6 Rxf6 22. Nd5 Re6 23. Re1 Rxe1+ 24. Qxe1 Qa6 25. Qe8+ Kh7 26. Qxf7 Bxd5 27. Qxd5 Qxa2 28. Qxd6 Qxb3 29. Qxc5 a5 30. Qxa5 Qxd3 31. Qd5 Qxd5 32. cxd5 Kg6 33. Kf2 Kf6 34. Ke3 Ke5 35. f4+ Kxd5 36. g4 Ke6 37. h4 g6 38. Ke4 d5+ 39. Kd4 h5 1/2-1/2

[Event "FIDE Zonal 4-2 Women 2023"]
[Site "Dimbroko"]
[Date "2023.03.31"]
[Round "9.1"]
[White "Benson, Maud"]
[Black "Princess K. Banney"]
[Result "1/2-1/2"]
[ECO "D02"]
[WhiteElo "1381"]
[BlackElo "1061"]
[Annotator "NA RC COMBH"]
[PlyCount "61"]
[EventDate "2023.03.25"]
[EventType "swiss"]
[EventCountry "IVO"]
[SourceTitle "playchess.com"]
[Source "ChessBase"]
[SourceQuality "1"]
[TimeControl "40/5400+30:1800+30"]

1. d4 d5 2. g3 Nc6 3. Nf3 Bf5 4. Bg2 e6 5. O-O Nf6 6. b3 Be7 7. Na3 O-O 8. c4 dxc4 9. Nxc4 Bg4 10. e3 Bd6 11. h3 Bh5 12. Nxd6 Qxd6 13. Qe2 e5 14. g4 Bg6 15. Rd1 exd4 16. Nxd4 Ne4 17. Bb2 Qe7 18. Nxc6 bxc6 19. Rac1 Qe6 20. Rd4 c5 21. Rdd1 Rad8 22. Rxd8 Rxd8 23. Bxe4 Qxe4 24. Qc4 Qxc4 25. Rxc4 Rd2 26. Ba3 Rxa2 27. Bxc5 h6 28. Ra4 Rxa4 29. bxa4 a6 30. a5 c6 31. Kh2 1/2-1/2

[Event "FIDE Zonal 4-2 Women 2023"]
[Site "Dimbroko"]
[Date "2023.03.31"]
[Round "9.2"]
[White "Abigail Karyah"]
[Black "Rodriguez Guevara, Celia M."]
[Result "1-0"]
[ECO "B01"]
[WhiteElo "1620"]
[BlackElo "1777"]
[Annotator "NA RC COMBH"]
[PlyCount "137"]
[EventDate "2023.03.25"]
[EventType "swiss"]
[EventCountry "IVO"]
[SourceTitle "playchess.com"]
[Source "ChessBase"]
[SourceQuality "1"]
[TimeControl "40/5400+30:1800+30"]

1. e4 d5 2. exd5 Qxd5 3. Nf3 Nf6 4. Nc3 Qa5 5. Be2 Bf5 6. d3 e6 7. O-O Nbd7 8. a3 c6 9. Bf4 Be7 10. b4 Qd8 11. Nh4 Bg6 12. Nxg6 hxg6 13. h3 Nb6 14. Qd2 Nfd5 15. Nxd5 Nxd5 16. Bg3 Bd6 17. Bxd6 Qxd6 18. f4 Rh4 19. Bg4 f5 20. c4 fxg4 21. cxd5 Qxd5 22. hxg4 O-O-O 23. Rae1 Qxd3 24. Qxd3 Rxd3 25. Rf3 Rd6 26. g5 Kd7 27. g3 Rh8 28. Rfe3 Rf8 29. Kf2 Rf5 30. Kf3 Rfd5 31. Rh1 Ke7 32. Rc1 a5 33. Rb1 Rb5 34. Reb3 axb4 35. axb4 Kd7 36. Ke3 e5 37. R1b2 exf4+ 38. gxf4 Ke6 39. Re2 Kd5 40. Reb2 Ke6 41. Re2 Kd7 42. Rc2 b6 43. Rcc3 Rbd5 44. Rc4 Re6+ 45. Kf3 Re7 46. Ra3 Kd6 47. Ra6 Rb7 48. Ra8 b5 49. Re4 Re7 50. Rd8+ Rd7 51. Rde8 Kc7 52. R8e6 R5d6 53. R6e5 Rd3+ 54. Kg4 Rd1 55. Re6 R1d6 56. f5 gxf5+ 57. Kxf5 Rf7+ 58. Kg6 Rfd7 59. Kh7 Rxe6 60. Rxe6 Rd4 61. Kxg7 Rxb4 62. Kf7 Rf4+ 63. Rf6 Rxf6+ 64. Kxf6 b4 65. g6 b3 66. g7 b2 67. g8=Q b1=Q 68. Qg3+ Kb6 69. Qb8+ 1-0

[Event "FIDE Zonal 4-2 Women 2023"]
[Site "Dimbroko"]
[Date "2023.03.31"]
[Round "9.3"]
[White "Oyenga, Justine Anassika"]
[Black "Yavo Tchetche, Marie"]
[Result "0-1"]
[ECO "B40"]
[WhiteElo "1187"]
[BlackElo "1413"]
[Annotator "NA RC COMBH"]
[PlyCount "20"]
[EventDate "2023.03.25"]
[EventType "swiss"]
[EventCountry "IVO"]
[SourceTitle "playchess.com"]
[Source "ChessBase"]
[SourceQuality "1"]
[TimeControl "40/5400+30:1800+30"]

1. e4 e6 2. d4 c5 3. Nf3 cxd4 4. Nxd4 Nf6 5. Nc3 Bb4 6. Bd2 Bxc3 7. Bxc3 Nxe4 8. Bb4 Qb6 9. c3 Nc6 10. Nxc6 Qxf2# 0-1

[Event "FIDE Zonal 4-2 Women 2023"]
[Site "Dimbroko"]
[Date "2023.03.31"]
[Round "9.5"]
[White "Kouassi Edichy Berenice"]
[Black "Ayemou Akissi Victoire Sinchie"]
[Result "*"]
[ECO "D77"]
[WhiteElo "1128"]
[BlackElo "1177"]
[Annotator "NA RC COMBH"]
[PlyCount "40"]
[EventDate "2023.03.25"]
[EventType "swiss"]
[EventCountry "IVO"]
[SourceTitle "playchess.com"]
[Source "ChessBase"]
[SourceQuality "1"]
[TimeControl "40/5400+30:1800+30"]

1. d4 Nf6 2. Nf3 g6 3. g3 Bg7 4. Bg2 O-O 5. O-O d5 6. c4 e6 7. Re1 Nc6 8. Bg5 h6 9. Bf4 g5 10. Be3 Re8 11. Ne5 Nxe5 12. dxe5 Nd7 13. Bd4 dxc4 14. e4 Nxe5 15. Bc3 Qd6 16. Nd2 b5 17. Qe2 Bb7 18. Rad1 Nd3 19. Bxg7 Kxg7 20. e5 Qb6 *